[Event "Early-Titled-Tuesday-Blitz-September-05-2023"]
[Site "Chess.com"]
[Date "2023.09.05"]
[Round "4"]
[White "MFatigue"]
[Black "ExtremeLearner"]
[Result "1-0"]
[WhiteElo "2510"]
[BlackElo "2370"]
[TimeControl "180+1"]
[EndTime "8:38:09 PDT"]
[Termination "MFatigue won by resignation"]

1. e4 g6 2. Nc3 Bg7 3. g3 c6 4.
Bg2 Nf6 5. d3 d6 6. f4 O-O 7.
Nf3 Nbd7 8. O-O e5 9. h3 Qc7 10. g4 a5 11. a4 Nc5 12. Ne2 exf4 13. Bxf4 Ne6 14. Be3 h5 15. g5 Nd7 16. d4 Nb6 17. b3 d5 18. e5 Nd7 19. Qd2 c5 20. c3 cxd4 21. cxd4 Nb6 22. Rac1 Qe7 23. Nc3 Bd7 24.
Ne1 Bc6 25. Nd3 Rfd8 26. Rf2 Rac8 27. Rcf1 Rf8 28. Nb1 Rc7 29. Qxa5 Nd7 30. Nf4 Nxf4 31. Qxc7 Nxg2 32. Kxg2 Qe6 33. Qd6 Qxd6 34. exd6 Re8 35. Rf3 Re6 36. Bg1 Rxd6 37. Rxf7 Re6 38. Nc3 Nb6 39.
a5 Nc8 40. b4 Nd6 41. R7f4 Nc4 42. b5 Bd7 43. Ra1 Ne3+ 44. Bxe3 Rxe3 45. Nxd5 Rd3 46. Ne7+ Kh7 47. a6 bxa6 48. bxa6 Bxd4 49. Rxd4 Rxd4 50.
a7 Bf5 51. Nxf5 1-0

[Event "Early-Titled-Tuesday-Blitz-September-05-2023"]
[Site "Chess.com"]
[Date "2023.09.05"]
[Round "4"]
[White "Shockerlover"]
[Black "CFalcons8"]
[Result "0-1"]
[WhiteElo "1967"]
[BlackElo "2271"]
[TimeControl "180+1"]
[EndTime "8:38:09 PDT"]
[Termination "CFalcons8 won by checkmate"]

1. d4 Nf6 2. Nf3 e6 3. c4 d5 4. cxd5 exd5 5. Nc3 c6 6. Bg5 Bf5 7. e3 Nbd7 8. Bd3 Bxd3 9. Qxd3 h6 10. Bh4 Be7 11. O-O O-O 12. Rfe1 Ne4 13. Nxe4 Bxh4 14. Nd6 Qc7 15. Nf5 Bf6 16. Rac1 Nb6 17. b3 Rfe8 18. Ng3 Qd7 19. Nh5 Bd8 20. e4 dxe4 21. Rxe4 Bc7 22.
Rce1 Nd5 23. Ng3 Ba5 24. R1e2 Nc3 25. Rxe8+ Rxe8 26. Rxe8+ Qxe8 27. a3 Nd5 28. h3 Bc7 29.
Nf5 Qe6 30. Ne3 Nf4 31. Qc4 Qg6 32. Kh1 Qb1+ 33. Qf1 Qxb3 34. Ne5 Qxa3 35. Nd7 Nd5 36. Nxd5 cxd5 37. Qc1 Qd6 38. Qc2 Qh2# 0-1

[Event "Early-Titled-Tuesday-Blitz-September-05-2023"]
[Site "Chess.com"]
[Date "2023.09.05"]
[Round "4"]
[White "qx4z"]
[Black "dropstoneDP"]
[Result "0-1"]
[WhiteElo "2831"]
[BlackElo "3013"]
[TimeControl "180+1"]
[EndTime "8:38:10 PDT"]
[Termination "dropstoneDP won by resignation"]

1. d4 d5 2. Bf4 c5 3. e3 Nc6 4. Nf3 Nf6 5. Nbd2 Qb6 6. dxc5 Qxb2 7. Rb1 Qc3 8. Bb5 e6 9. O-O Be7 10. e4 O-O 11. e5 Nd7 12. Nb3 Qb4 13. Nbd4 Qxc5 14.
Re1 Nxd4 15. Nxd4 a6 16. Bd3 g6 17. Nf3 b5 18. h4 Qc7 19. Bh6 Re8 20. Qd2 Nc5 21.
Ng5 Bf8 22. Bxf8 Rxf8 23. h5 Ra7 24. Rb4 Qd8 25. Rg4 f5 26. exf6 Rxf6 27. Nxh7 Rxh7 28. Bxg6 Rg7 29. Qh6 Qe7 30. Re5 Ne4 31. f3 Qc5+ 32. Kh2 Qc7 33. g3 Rfxg6 34. hxg6 Qxe5 35. fxe4 Qf6 36. Rh4 Qf2+ 37. Kh3 e5+ 38. g4 Qf3+ 39. Kh2 Qf2+ 40.
Kh1 Qf1+ 41. Kh2 Qf4+ 42. Kh1 Qxh6 0-1

[Event "Early-Titled-Tuesday-Blitz-September-05-2023"]
[Site "Chess.com"]
[Date "2023.09.05"]
[Round "4"]
[White "lacafi"]
[Black "AlphaPerseii"]
[Result "1-0"]
[WhiteElo "2213"]
[BlackElo "2387"]
[TimeControl "180+1"]
[EndTime "8:38:10 PDT"]
[Termination "lacafi won on time"]

1. d4 Nf6 2. Nf3 g6 3. c4 Bg7 4.
Nc3 d5 5. cxd5 Nxd5 6. e4 Nxc3 7. bxc3 c5 8. Be2 O-O 9. O-O Nc6 10. Be3 Qa5 11. Qb3 b6 12. Rad1 Bg4 13. h3 Bxf3 14. Bxf3 Rad8 15. e5 cxd4 16. cxd4 Nb4 17. Bd2 Rxd4 18.
Bc3 Rf4 19. a3 Bxe5 20. Bxe5 Qxe5 21. axb4 Rc8 22. Rfe1 Qg5 23. Rd5 Qf6 24. Rd3 Rcc4 25.
Qa3 Rxb4 26. Qxa7 e6 27. Qb8+ Kg7 28. Qe5 h5 29. Rd7 h4 30. Rb7 g5 31. Qxe6 Qd4 32.
Qe5+ Kg6 33. Qxd4 Rfxd4 34. Ree7 f6 35. Red7 Rf4 36. Rd6 b5 37. Rdb6 Rb1+ 38. Kh2 Rfb4 39. g3 hxg3+ 40. Kxg3 g4 41. hxg4 Kg5 42. Rg7+ Kh6 43.
Rbb7 f5 44. gxf5 1-0

[Event "Early-Titled-Tuesday-Blitz-September-05-2023"]
[Site "Chess.com"]
[Date "2023.09.05"]
[Round "4"]
[White "Aevengho"]
[Black "RobertoJBM"]
[Result "0-1"]
[WhiteElo "2532"]
[BlackElo "2809"]
[TimeControl "180+1"]
[EndTime "8:38:11 PDT"]
[Termination "RobertoJBM won on time"]

1. e4 c6 2. d4 d5 3. Nc3 dxe4 4. Nxe4 Nd7 5. Bc4 Ngf6 6. Ng5 e6 7. Qe2 Nb6 8. Bd3 h6 9. N5f3 c5 10. dxc5 Nbd7 11. Be3 Bxc5 12. O-O-O Qa5 13. Kb1 a6 14. Nd2 Bxe3 15. fxe3 b5 16. Ngf3 Bb7 17. e4 e5 18.
g4 O-O-O 19. Nb3 Qb6 20. Rhg1 Kb8 21. g5 hxg5 22. Rxg5 g6 23. Nxe5 Nxe5 24. Rxe5 Nd7 25. Rg5 Qf6 26. Qg2 Ne5 27. Rf1 Qd6 28. Be2 f6 29.
Rg3 g5 30. a3 Rh4 31. Re3 Rdh8 32. h3 Bc8 33. Qf2 Rf4 34. Qg3 Rxh3 35. Qg1 Rxe3 36. Qxe3 Rxf1+ 37. Bxf1 Qd1+ 38. Ka2 Qxf1 39. Qb6+ Ka8 40.
Qc7 Qc4 41. Qe7 Qc6 42. Kb1 g4 43. Nd4 Qb6 44. Qe8 Kb8 45. Nf5 Qc7 46. Qg8 Kb7 47.
b3 Bxf5 48. exf5 Qf7 0-1

[Event "Early-Titled-Tuesday-Blitz-September-05-2023"]
[Site "Chess.com"]
[Date "2023.09.05"]
[Round "4"]
[White "ShahMatKanal"]
[Black "korbul"]
[Result "1-0"]
[WhiteElo "2433"]
[BlackElo "2616"]
[TimeControl "180+1"]
[EndTime "8:38:11 PDT"]
[Termination "ShahMatKanal won by resignation"]

1. e4 c5 2. Nf3 e6 3. d4 cxd4 4. Nxd4 Nf6 5. Nc3 d6 6. g3 Nc6 7.
Bg2 Bd7 8. O-O a6 9. Re1 Be7 10. Nb3 O-O 11. Be3 Qc7 12. Qe2 b5 13. a3 Ne5 14. Nd2 Bc6 15. Rad1 Neg4 16. Bg5 h6 17.
Bxf6 Nxf6 18. Nb3 Rac8 19. Nd4 Bb7 20. Rd2 Qb8 21. Red1 Bd8 22. Nb3 Bc7 23. g4 Rfd8 24.
h4 Bb6 25. g5 hxg5 26. hxg5 Nh7 27. g6 fxg6 28. Qg4 Nf8 29. Nd4 Re8 30. Nf3 Rcd8 31. Ng5 Qc7 32. Rd3 Qc5 33. Rf1 d5 34. Rh3 d4 35. Qh4 Qxg5 36. Qxg5 dxc3 37. bxc3 e5 38.
Rd3 Rc8 39. Kh1 Rc6 40. f4 Rf6 41. f5 Nh7 42. Qg4 g5 43. Rfd1 Rh6+ 44. Rh3 Nf6 45. Qxg5 Nxe4 46. Bxe4 Rxh3+ 47. Kg2 Bxe4+ 48. Kxh3 Bc6 49. Rd6 Rc8 50. f6 Rc7 51. Rxc6 1-0

[Event "Early-Titled-Tuesday-Blitz-September-05-2023"]
[Site "Chess.com"]
[Date "2023.09.05"]
[Round "4"]
[White "Fandorine"]
[Black "ChessQueen"]
[Result "0-1"]
[WhiteElo "2926"]
[BlackElo "2752"]
[TimeControl "180+1"]
[EndTime "8:38:12 PDT"]
[Termination "ChessQueen won by resignation"]

1. e4 c6 2. Nf3 d5 3. d3 Qc7 4.
Nc3 Nf6 5. e5 Nfd7 6. d4 e6 7.
Ne2 c5 8. c3 Nc6 9. Nf4 Be7 10.
Bd3 Qb6 11. Bc2 cxd4 12. cxd4 Bb4+ 13. Kf1 Nf8 14. h4 Be7 15. g3 Bd7 16. Kg2 f6 17.
Nh5 O-O-O 18. Nxg7 fxe5 19. dxe5 Ng6 20. Bg5 Rdf8 21.
Nh5 Ngxe5 22. Nf4 Nxf3 23. Qxf3 Bxg5 24. hxg5 Qxb2 25. Bxh7 e5 26. g6 exf4 27. Rab1 Qg7 28. Qxd5 fxg3 29. fxg3 Bf5 30. Rb3 Qe7 31. Kg1 Qe1+ 32.
Kh2 Qf2+ 33. Qg2 Bxg6 34. Qxf2 Rxf2+ 35. Kg1 Rf6 36. Bxg6 Rxh1+ 37. Kxh1 Rxg6 38. Kg2 Kc7 39. Kh3 a5 40. g4 a4 41. Rg3 b5 42. g5 Ne5 43. Kh4 Rc6 44. Kh5 Ng6 45. Rf3 b4 46. Rf5 Kb6 47. Kg4 b3 48. axb3 axb3 49. Rf2 Kb5 50. Kh5 Kb4 51. Rf7 Kc3 52. Rb7 b2 0-1

[Event "Early-Titled-Tuesday-Blitz-September-05-2023"]
[Site "Chess.com"]
[Date "2023.09.05"]
[Round "4"]
[White "Vanina1989"]
[Black "MITerryble"]
[Result "0-1"]
[WhiteElo "2720"]
[BlackElo "2932"]
[TimeControl "180+1"]
[EndTime "8:38:13 PDT"]
[Termination "MITerryble won by resignation"]

1. d4 e6 2. c4 Bb4+ 3. Bd2 Bxd2+ 4. Qxd2 Nf6 5. Nc3 d6 6. e4 e5 7. Nf3 Nc6 8. d5 Nb8 9. Bd3 Bg4 10. Ng1 a5 11. h3 Bh5 12. g4 Bg6 13. Nge2 h5 14. g5 Nfd7 15. h4 Na6 16. Ng3 Nac5 17. Be2 a4 18.
Qd1 Nb6 19. Kf1 f6 20. Nxh5 fxg5 21. Rg1 Qe7 22. Rxg5 Rh6 23. Ng3 O-O-O 24. b4 Ncd7 25. Nxa4 Bh7 26. Nxb6+ cxb6 27. Bh5 g6 28. Bf3 Rxh4 29.
Rg4 Rf8 30. Kg2 Kc7 31. a4 Rf4 32. Rxh4 Qxh4 33. Qh1 Qe7 34. Qh3 Qf7 35. Ra3 g5 36. Qe6 Qf8 37. Nh5 g4 38. Nxf4 gxf3+ 39. Rxf3 Bxe4 40.
Qg4 Bxf3+ 41. Kxf3 exf4 42. Qxf4 Ne5+ 43. Ke4 Qe7 44. Kd4 Qg7 45. Qf5 Nc6+ 46. Ke3 Qc3+ 47. Ke2 Nd4+ 0-1

[Event "Early-Titled-Tuesday-Blitz-September-05-2023"]
[Site "Chess.com"]
[Date "2023.09.05"]
[Round "4"]
[White "TimofeevAr"]
[Black "lamomiajunior"]
[Result "1-0"]
[WhiteElo "2862"]
[BlackElo "2697"]
[TimeControl "180+1"]
[EndTime "8:38:13 PDT"]
[Termination "TimofeevAr won by resignation"]

1. c4 Nf6 2. Nc3 e6 3. e4 d5 4. e5 d4 5. exf6 dxc3 6. bxc3 Qxf6 7. Nf3 e5 8. d4 Bd6 9. c5 Be7 10. Nxe5 Bxc5 11. Bc4 Be6 12. Bxe6 Qxe6 13. Qa4+ c6 14. O-O O-O 15. Nxf7 Rxf7 16. dxc5 Nd7 17. Be3 Re8 18.
Rad1 Ne5 19. h3 Qg6 20. Kh1 h6 21. Rd6 Qf5 22. Rd4 Ng6 23. Rfd1 Kh7 24. Qxa7 Qf6 25. Qa4 Re5 26. Qc2 Rxc5 27. Rd6 Qf5 28. Qxf5 Rcxf5 29. Rd7 Ne5 30. Rxf7 Rxf7 31. Rd4 b5 32. a4 Nc4 33. axb5 cxb5 34. Bf4 Re7 35. Bg3 Re1+ 36. Kh2 Rc1 37. Rd5 Na3 38. Be5 Nc4 39. Bd4 Na3 40. Rd7 h5 41.
Rxg7+ Kh6 42. Ra7 Nc4 43. Rb7 Rc2 44. Rxb5 Nd2 45. Be3+ 1-0

[Event "Early-Titled-Tuesday-Blitz-September-05-2023"]
[Site "Chess.com"]
[Date "2023.09.05"]
[Round "4"]
[White "m_ezat"]
[Black "vladgoncharov"]
[Result "0-1"]
[WhiteElo "2707"]
[BlackElo "2547"]
[TimeControl "180+1"]
[EndTime "8:38:13 PDT"]
[Termination "vladgoncharov won on time"]

1. d4 Nf6 2. c4 e6 3. Nc3 Bb4 4. e3 O-O 5. a3 Bxc3+ 6. bxc3 c5 7. Bd3 d6 8. Ne2 Nc6 9. O-O e5 10. f3 b6 11. e4 Ne8 12. Be3 Ba6 13. f4 Qe7 14.
Ng3 exd4 15. cxd4 cxd4 16. Nf5 Qf6 17. Bf2 Nc7 18. Bh4 Qe6 19. Qa4 Na5 20. Nxd4 Qe8 21.
Qc2 Ne6 22. Nf5 Qd7 23. Rf3 f6 24. Rg3 Kh8 25. Rf1 Rac8 26. Ne3 Nc5 27. Be2 Qa4 28. Qb1 Nxc4 29. Nf5 Ne6 30. Qe1 Qa5 31. Qa1 Qc5+ 32. Kh1 Nd2 33. Nxg7 Nxg7 34. Bxf6 Rxf6 35. Qxf6 Qc7 36.
Bf3 Nxf1 37. Bg4 Nxg3+ 38. hxg3 Re8 39. Bf5 Bc8 40. Bxc8 Rxc8 41. f5 Re8 42. Qh6 Qf7 43. g4 Rxe4 44. Qxd6 Re1+ 45. Kh2 Qe7 46. Qb8+ Ne8 47.
Kh3 Rh1+ 48. Kg3 Qd6+ 0-1

[Event "Early-Titled-Tuesday-Blitz-September-05-2023"]
[Site "Chess.com"]
[Date "2023.09.05"]
[Round "4"]
[White "Roedor"]
[Black "GamayevOleg"]
[Result "0-1"]
[WhiteElo "2455"]
[BlackElo "2624"]
[TimeControl "180+1"]
[EndTime "8:38:13 PDT"]
[Termination "GamayevOleg won by resignation"]

1. d4 d6 2. Nf3 Nf6 3. c4 g6 4. g3 Bg7 5. Bg2 O-O 6. Nc3 Nc6 7. O-O a6 8. Bf4 Rb8 9. Rc1 Bf5 10. h3 Ne4 11. g4 Nxc3 12. Rxc3 Be4 13. Be3 Re8 14. a3 Qd7 15. d5 Nd8 16. Bd4 e5 17. dxe6 Nxe6 18. Bxg7 Nxg7 19. Qd2 h5 20. Qh6 Bxf3 21. Bxf3 hxg4 22. hxg4 Qe7 23. Kg2 Ne6 24.
Rh1 Qf6 25. e3 Qg7 26. Bd5 Qxh6 27. Rxh6 Kg7 28. Rh1 c6 29. Bxe6 Rxe6 30. Rd1 Kf6 31. Rcd3 Ke7 32. b4 b5 33. Rc1 bxc4 34. Rxc4 Kd7 35.
Rc5 Rb5 36. Kg3 Kc7 37. Rxb5 axb5 38. f4 c5 39. bxc5 dxc5 40. f5 gxf5 41. gxf5 Re4 42.
Kf3 Re5 43. e4 c4 44. Rd2 Rc5 45. Ke3 Rc6 46. Rd5 Kb6 47. Rd2 Kc5 48. e5 Rh6 49. Ke4 Rh4+ 50. Kf3 Rh3+ 51. Kg4 Re3 52. Kf4 Re1 53. e6 fxe6 54. f6 c3 55. Rc2 Kc4 56.
Kg5 Kd3 57. Rf2 Rg1+ 58. Kh4 Rg8 59. f7 Rf8 60. Kg5 c2 61. Rxc2 Kxc2 62. Kf6 e5 63.
Ke7 Rxf7+ 64. Kxf7 e4 0-1

[Event "Early-Titled-Tuesday-Blitz-September-05-2023"]
[Site "Chess.com"]
[Date "2023.09.05"]
[Round "4"]
[White "NelsonLinda"]
[Black "Hope_6"]
[Result "0-1"]
[WhiteElo "2497"]
[BlackElo "2702"]
[TimeControl "180+1"]
[EndTime "8:38:15 PDT"]
[Termination "Hope_6 won by resignation"]

1. b3 d5 2. Bb2 Bf5 3. d3 Nf6 4.
Nd2 e6 5. g3 Be7 6. Bg2 O-O 7.
e4 Bg6 8. Nh3 h6 9. Nf4 Bh7 10.
O-O c6 11. Re1 a5 12. a3 Na6 13. h4 Re8 14. Qe2 Nc5 15. e5 Nfd7 16. d4 Na6 17. c4 a4 18. b4 dxc4 19. Nxc4 Nc7 20. Rac1 Nf8 21. Nd3 Nb5 22. Red1 Qc7 23. Nc5 Red8 24.
Ne4 Nd7 25. Na5 Rxa5 26. bxa5 Qxa5 27. Qe3 Nb6 28. Nc3 Nc4 29. Qe2 Nxb2 30. Qxb2 Bxa3 31. Qa1 Bxc1 32. Nxb5 Qxb5 33. Rxc1 Qb3 34. Bf1 Ra8 35.
Bc4 Qb4 36. Ba2 Be4 37. Rc4 Qd2 38. Rc3 a3 39. Re3 Bd5 40. Bb1 a2 41. Bd3 g6 42.
h5 g5 43. Bf1 Qb4 44. Re1 Qxe1 45. Qxe1 0-1

[Event "Early-Titled-Tuesday-Blitz-September-05-2023"]
[Site "Chess.com"]
[Date "2023.09.05"]
[Round "4"]
[White "AleksanderHnydiuk"]
[Black "AlexKhripachenko"]
[Result "1-0"]
[WhiteElo "2537"]
[BlackElo "2698"]
[TimeControl "180+1"]
[EndTime "8:38:16 PDT"]
[Termination "AleksanderHnydiuk won on time"]

1. d4 d5 2. c4 e6 3. Nf3 Nf6 4. Nc3 Be7 5. Bg5 O-O 6. Qc2 h6 7. Bxf6 Bxf6 8. O-O-O Nc6 9. e4 dxc4 10. e5 Be7 11.
Bxc4 b5 12. Bxb5 Nb4 13. Qe2 Rb8 14. Kb1 c5 15. dxc5 Qa5 16. a3 Bxc5 17. Nd4 Bxd4 18.
Rxd4 Nc6 19. Ra4 Qc7 20. Rc4 Bb7 21. Rd1 Rfc8 22. Rd6 Qb6 23. Ba4 Ba8 24. Ka1 a6 25. Qd2 Kh8 26. b4 Rd8 27. Ne4 Rxd6 28. Nxd6 Nxe5 29.
Rc5 f6 30. f4 Ng6 31. g3 a5 32. Rb5 Bd5 33. Rxb6 Rxb6 34. Nb5 axb4 35. axb4 Ne7 36. Kb2 Nc6 37. Qe3 Rb8 38. Qc5 Kg8 39. Ka3 Kf7 40. Nc3 Bf3 41. Bxc6 1-0

[Event "Early-Titled-Tuesday-Blitz-September-05-2023"]
[Site "Chess.com"]
[Date "2023.09.05"]
[Round "4"]
[White "KNVB"]
[Black "Manukyan_Artak"]
[Result "1-0"]
[WhiteElo "2783"]
[BlackElo "2446"]
[TimeControl "180+1"]
[EndTime "8:38:16 PDT"]
[Termination "KNVB won on time"]

1. d4 Nf6 2. Bf4 c5 3. e3 Qb6 4. Na3 d5 5. Nb5 Na6 6. c3 Bd7 7. a4 c4 8. b3 cxb3 9. Qxb3 Nh5 10. Qxd5 Nxf4 11. exf4 e6 12. Qb3 Bc6 13. f3 Be7 14.
Bd3 O-O 15. Ne2 Qd8 16. Be4 Bd5 17. Qb1 g6 18. O-O Nc7 19. Nxc7 Qxc7 20. Bxd5 exd5 21. f5 Rfe8 22. fxg6 hxg6 23. Qd3 Bd6 24. f4 Re4 25. g3 Rae8 26. Rf2 Qc4 27. Qxc4 dxc4 28. Kf1 Re3 29. Rc1 Rd3 30. Ke1 Ba3 31. Rc2 Ree3 32. f5 g5 33. f6 Kh7 34. Rf5 Kg6 35. Rd5 Kxf6 36. Rd7 Re7 37. Rxe7 Bxe7 38. Rb2 b6 39. Rb5 Ba3 40.
h4 gxh4 41. gxh4 Re3 42. Kd2 Rh3 43. h5 Rh2 44. a5 bxa5 45. Rxa5 Bd6 46. Ra6 1-0

[Event "Early-Titled-Tuesday-Blitz-September-05-2023"]
[Site "Chess.com"]
[Date "2023.09.05"]
[Round "4"]
[White "JoliyRoger"]
[Black "DKmirl"]
[Result "1-0"]
[WhiteElo "2481"]
[BlackElo "2259"]
[TimeControl "180+1"]
[EndTime "8:38:16 PDT"]
[Termination "JoliyRoger won on time"]

1. Nf3 Nf6 2. d4 e6 3. c4 Bb4+ 4. Bd2 Qe7 5. Qc2 d5 6. e3 Ne4 7.
Bd3 Nxd2 8. Nbxd2 h6 9. O-O O-O 10. Rac1 c6 11. e4 Bxd2 12. Qxd2 dxe4 13. Bxe4 Nd7 14.
Rfe1 Nf6 15. c5 Rd8 16. Ne5 Bd7 17. Qe3 Be8 18. Nc4 Rd7 19. Rcd1 Rad8 20. Nd6 Kf8 21. f4 a6 22. Bf3 Nd5 23. Bxd5 cxd5 24. b4 Rxd6 25.
cxd6 Qxd6 26. a3 Bb5 27. Rc1 Bc4 28. Rc3 b5 29. Qf2 Re8 30. Rg3 g6 31. Rh3 h5 32.
Qe3 Qe7 33. Rg3 Qf6 34. Rg5 Rc8 35. Re5 Bb3 36. Rc1 Rxc1+ 37. Qxc1 Qd8 38. Qc5+ Kg8 39. Qc3 Bc4 40. Qg3 Qf6 41. Qg5 Qxg5 42. fxg5 Kf8 43. g3 Ke7 44. Re1 Bd3 45. Kf2 Bc4 46. Ke3 Kd6 47. Kf4 Bb3 48. h4 Bc4 49. g4 hxg4 50. Kxg4 Bb3 51. Rf1 1-0

[Event "Early-Titled-Tuesday-Blitz-September-05-2023"]
[Site "Chess.com"]
[Date "2023.09.05"]
[Round "4"]
[White "Gareth-Bale11"]
[Black "CrushingKings"]
[Result "1/2-1/2"]
[WhiteElo "2787"]
[BlackElo "2557"]
[TimeControl "180+1"]
[EndTime "8:38:18 PDT"]
[Termination "Game drawn by repetition"]

1. d4 g6 2. e4 Bg7 3. Nf3 c6 4. Nbd2 d5 5. c3 dxe4 6. Nxe4 Nf6 7. Bd3 O-O 8. O-O Nbd7 9. h3 Nxe4 10. Bxe4 e5 11. Bg5 Qc7 12. Re1 exd4 13. cxd4 Nb6 14. a4 a5 15. Qc1 Be6 16. h4 Rfe8 17. h5 Bd5 18. Bxd5 Nxd5 19. h6 Bh8 20. Qd2 b6 21. Rac1 Qd6 22. b3 Bf6 23. Bxf6 Nxf6 24. Ne5 c5 25.
Qf4 Re6 26. dxc5 bxc5 27. Rcd1 Qc7 28. Nxg6 Rxe1+ 29. Rxe1 Qxf4 30. Nxf4 Ng4 31. Rc1 Rb8 32. Rxc5 Nxh6 33. Rxa5 Rxb3 34. f3 Kg7 35. Kf2 Ng8 36. Rb5 Ra3 37. a5 Ne7 38. g4 Nc6 39. Nh5+ Kf8 40.
Nf6 h6 41. Nd7+ Ke7 42. Nb8 Nxb8 43. Rxb8 Rxa5 44. Rb6 h5 45. Kg3 hxg4 46. fxg4 Kf8 47. Kh4 Kg7 48. Rb4 Ra6 49. Rf4 Ra1 50. Kg3 Rg1+ 51.
Kh2 Ra1 52. Kg3 Ra3+ 53. Kh2 Ra2+ 54. Kg3 Ra3+ 55. Kh2 Ra2+ 56. Kg3 Ra3+ 1/2-1/2

[Event "Early-Titled-Tuesday-Blitz-September-05-2023"]
[Site "Chess.com"]
[Date "2023.09.05"]
[Round "4"]
[White "ejam94"]
[Black "Vuk2000"]
[Result "0-1"]
[WhiteElo "2545"]
[BlackElo "2749"]
[TimeControl "180+1"]
[EndTime "8:38:18 PDT"]
[Termination "Vuk2000 won by resignation"]

1. e4 e6 2. d4 d5 3. Nd2 Be7 4. Ngf3 Nf6 5. e5 Nfd7 6. Bd3 c5 7. c3 b6 8. Qe2 a5 9. O-O Ba6 10. Bxa6 Nxa6 11. Re1 c4 12. Nf1 b5 13. Ng3 h5 14.
h4 Bxh4 15. Nxh4 Qxh4 16. b3 Nb6 17. a4 b4 18. bxc4 Nxc4 19. cxb4 Nxb4 20. Be3 Qg4 21. Qxg4 hxg4 22. Rec1 Kd7 23. Ne2 Rhc8 24. Nc3 Nd3 25. Rc2 Nb6 26. Bd2 Nb4 27. Rcc1 Rc4 28. Nb5 Rac8 29.
Nd6 Rxc1+ 30. Bxc1 Rc3 31. Bd2 Rb3 32. Bxb4 Rxb4 33.
Nxf7 Rxa4 34. Rb1 Rb4 35. Ra1 a4 36. Nd6 Rxd4 37. Rb1 Kc6 38. Kf1 Nc4 39. Nf7 a3 40. Ra1 Rd2 41. Ke1 Rb2 42. Nd6 Nxd6 43. exd6 a2 44. d7 Kxd7 45. Rd1 Rb1 0-1

[Event "Early-Titled-Tuesday-Blitz-September-05-2023"]
[Site "Chess.com"]
[Date "2023.09.05"]
[Round "4"]
[White "FARIZA2018"]
[Black "kingofthenil"]
[Result "0-1"]
[WhiteElo "2523"]
[BlackElo "2718"]
[TimeControl "180+1"]
[EndTime "8:38:18 PDT"]
[Termination "kingofthenil won on time"]

1. e4 e6 2. d4 d5 3. Nd2 c5 4. exd5 exd5 5. Ngf3 Nc6 6. Bb5 Bd6 7. O-O Ne7 8. dxc5 Bxc5 9. Nb3 Bb6 10. Nbd4 O-O 11. Be3 h6 12. c3 Bg4 13. Be2 Ng6 14. h3 Bd7 15. Bd3 Qf6 16. Bc2 Nf4 17. Kh1 Rfe8 18.
Qd2 Ng6 19. Rae1 Na5 20. Qd3 Nc4 21. Bc1 Rac8 22. Kg1 Nd6 23. a4 Ne4 24. Be3 Nc5 25. Qd1 Nf4 26. Bxf4 Qxf4 27. Rxe8+ Rxe8 28. Re1 Ne4 29. Qd3 g6 30. Qd1 a6 31. Re3 Kg7 32.
Bxe4 dxe4 33. Nd2 Bc6 34. Nf1 h5 35. Re2 Bd7 36. Ne3 Re5 37. Kf1 Qh2 38. Ke1 Qg1+ 39. Kd2 Qxd1+ 40. Kxd1 Bxa4+ 41. Kc1 Re8 42. Nc4 Bxd4 43.
cxd4 Rc8 0-1

[Event "Early-Titled-Tuesday-Blitz-September-05-2023"]
[Site "Chess.com"]
[Date "2023.09.05"]
[Round "4"]
[White "miraitrunks"]
[Black "WiktoriaPOL"]
[Result "0-1"]
[WhiteElo "2018"]
[BlackElo "2280"]
[TimeControl "180+1"]
[EndTime "8:38:18 PDT"]
[Termination "WiktoriaPOL won on time"]

1. e4 c5 2. Nf3 d6 3. d4 cxd4 4.
Nxd4 Nf6 5. Nc3 a6 6. Be2 e5 7. Nb3 Be7 8. Be3 Be6 9. O-O O-O 10. f4 exf4 11. Bxf4 Nc6 12. Nd5 Nxe4 13. Nxe7+ Qxe7 14. Bf3 d5 15. Bxe4 dxe4 16. Bd6 Qg5 17. Bxf8 Rxf8 18. Kh1 Bg4 19. Qe1 Re8 20. h3 Bh5 21. Qf2 e3 22.
Qf4 Qxf4 23. Rxf4 g5 24. Rf5 h6 25. Re1 Nb4 26. Nd4 Re4 27. Nf3 Nxc2 28. Re2 Nb4 29. g4 Bg6 30. Re5 Rxe5 31. Nxe5 Be4+ 32. Kh2 Nd5 33. Nc4 Bd3 34. Rxe3 Nxe3 35. Nxe3 Kg7 36. Kg3 Bb1 37. a3 Kf6 38. Kf3 Ke5 39. Nc4+ Ke6 40. Na5 Ba2 41. b3 b6 42. Nc6 b5 43. Ke4 Bb1+ 44. Kd4 f5 45. Ne5 f4 46. a4 Bc2 47.
axb5 axb5 48. Nc6 Bd1 0-1

[Event "Early-Titled-Tuesday-Blitz-September-05-2023"]
[Site "Chess.com"]
[Date "2023.09.05"]
[Round "4"]
[White "DawidCzerw"]
[Black "fastestmindalive"]
[Result "0-1"]
[WhiteElo "2513"]
[BlackElo "2713"]
[TimeControl "180+1"]
[EndTime "8:38:19 PDT"]
[Termination "fastestmindalive won by resignation"]

1. e4 c5 2. Nf3 d6 3. d4 cxd4 4. Nxd4 Nf6 5. Nc3 Nc6 6. f3 e5 7. Nb3 Be6 8. Nd5 Bxd5 9. exd5 Nb4 10. c4 a5 11. a3 Na6 12. Be3 Be7 13. Be2 Nd7 14. O-O Bg5 15. Bxg5 Qxg5 16. Nxa5 Nac5 17. b4 Rxa5 18. bxa5 O-O 19. f4 exf4 20. Qd2 Re8 21. Rae1 Re3 22. Bf3 Ne5 23. Rxe3 fxe3 24. Qe2 f5 25. g3 f4 26. Qg2 Nxc4 27. gxf4 Qf6 28.
Bg4 Qd4 29. Kh1 Ne4 30. Be6+ Kf8 31. f5 Nf2+ 32. Kg1 e2 33. Qxf2 Qg4+ 34. Kh1 Qe4+ 35.
Kg1 Nd2 36. Re1 Nf3+ 37. Qxf3 Qxf3 38. a6 bxa6 39. Bd7 Ke7 40. Bc8 Qe3+ 41. Kg2 Qd3 42.
Kf2 Kf6 43. Rxe2 Qxd5 44. Re6+ Kg5 45. Re3 Qd2+ 46. Kf3 Qd1+ 47. Kf2 Qc2+ 48. Re2 Qxc8 0-1

[Event "Early-Titled-Tuesday-Blitz-September-05-2023"]
[Site "Chess.com"]
[Date "2023.09.05"]
[Round "4"]
[White "DanielDardha2005"]
[Black "AsadliVugar"]
[Result "1-0"]
[WhiteElo "2961"]
[BlackElo "2801"]
[TimeControl "180+1"]
[EndTime "8:38:20 PDT"]
[Termination "DanielDardha2005 won by resignation"]

1. Nf3 Nf6 2. c4 g6 3. Nc3 Bg7 4. e4 d6 5. d4 O-O 6. Be2 e5 7. d5 a5 8. Bg5 Na6 9. Nd2 Qe8 10.
O-O h6 11. Be3 Nd7 12. a3 Nb6 13. b3 f5 14. f3 f4 15. Bf2 g5 16. Rb1 Nd7 17. b4 axb4 18. axb4 Nf6 19. c5 Qg6 20. cxd6 g4 21. fxg4 Nxg4 22. dxc7 Nxf2 23. Rxf2 Nxc7 24. Bh5 Qg5 25. d6 Ne6 26. Nd5 Nd4 27. Nb6 Ra2 28.
d7 Bxd7 29. Nxd7 Rd8 30. Qg4 Qe7 31. Nc5 b6 32. Nd3 Nc6 33. Nf3 Ra3 34. b5 Raxd3 35.
bxc6 Rd1+ 36. Rf1 Rxb1 37. Rxb1 Qc5+ 38. Kh1 Qc2 39. Qe6+ Kh8 40. Rg1 Qc5 41. Nh4 b5 42. Ng6+ Kh7 43. Qf5 Kg8 44. Qe6+ Kh7 45. Ne7 Rf8 46.
Qg6+ Kh8 47. Qe6 Rd8 48. Bf7 b4 49. Ng6+ Kh7 50. Qf5 Qxc6 51. Nf8+ 1-0

[Event "Early-Titled-Tuesday-Blitz-September-05-2023"]
[Site "Chess.com"]
[Date "2023.09.05"]
[Round "4"]
[White "hansen"]
[Black "ayanakhmetov"]
[Result "1-0"]
[WhiteElo "2867"]
[BlackElo "2587"]
[TimeControl "180+1"]
[EndTime "8:38:20 PDT"]
[Termination "hansen won on time"]

1. Nf3 b6 2. g3 Bb7 3. Bg2 c5 4. O-O g6 5. d3 Bg7 6. e4 d6 7. Re1 Nf6 8. Nc3 O-O 9. e5 dxe5 10. Nxe5 Qc8 11. a4 Bxg2 12. Kxg2 Nc6 13. Nxc6 Qxc6+ 14. Qf3 Qxf3+ 15. Kxf3 e6 16. Bf4 Nd5 17. Be5 Bxe5 18. Rxe5 Nb4 19. Re2 Rfd8 20. b3 h5 21.
h3 Kg7 22. Kg2 a6 23. Ne4 Rac8 24. g4 hxg4 25. hxg4 Nd5 26. Kg3 e5 27. g5 Nf4 28.
Ree1 Rh8 29. Rh1 Ne2+ 30. Kg4 Nd4 31. Rxh8 Rxh8 32. Rc1 Rh2 33. Kg3 Rh8 34. Kg2 Rh4 35. a5 bxa5 36. Ra1 Nxc2 37. Rxa5 Ne1+ 38. Kg3 Rh1 39.
f3 Nxd3 40. Rxa6 Rg1+ 41. Kh2 Rf1 42. Kg2 Rb1 43. Ra8 Nf4+ 44. Kh2 Rb2+ 45. Kg1 Rxb3 46. Kf2 c4 47. Rc8 Rb2+ 48. Ke1 Nd3+ 49. Kf1 1-0